 Dungeon Crawl Stone Soup version 0.29-a0-330-g52719c12eb (webtiles) character file.

Game seed: 11382642700079610999

591 jmlagarto the Chopper (level 7, -1/60 HPs)
             Began as a Hill Orc Gladiator on Apr 13, 2022.
             Slain by a gnoll sergeant
             ... wielding a +0 spear of flaming
              (2 damage)
             ... on level 5 of the Dungeon on Apr 14, 2022.
             The game lasted 00:09:24 (5009 turns).

jmlagarto the Chopper (Hill Orc Gladiator)          Turns: 5009, Time: 00:09:24

Health: -1/60      AC: 13    Str: 19    XL:     7   Next: 39%
Magic:  7/7        EV:  6    Int:  8    God:
Gold:   332        SH:  0    Dex: 12    Spells: 6/6 levels left

rFire   . . .      SeeInvis .   a - +0 war axe
rCold   . . .      Faith    .   (no shield)
rNeg    . . .      Spirit   .   e - +0 plate armour
rPois   .          Reflect  .   c - +0 helmet
rElec   .          Harm     .   (no cloak)
rCorr   .          Rampage  .   g - +0 pair of gloves
Will    .....                   (no boots)
Stlth   ..........              (no amulet)
HPRegen 0.20/turn               (no ring)
MPRegen 0.10/turn               (no ring)

@: no status effects
A: no striking features
a: no special abilities


You were on level 5 of the Dungeon.
You visited 2 branches of the dungeon, and saw 6 of its levels.

You collected 332 gold pieces.

Inventory:

Hand Weapons
 a - a +0 war axe (weapon)
Missiles
 i - 112 stones (quivered)
 l - a javelin
 o - a throwing net
Armour
 c - a +0 helmet (worn)
 e - a +0 plate armour (worn)
 g - a +0 pair of gloves (worn)
Wands
 k - a wand of flame (21)
Scrolls
 b - 3 scrolls of fear
 d - 4 scrolls of enchant weapon
 m - a scroll of fog {unknown}
 p - a scroll of holy word {unknown}
 r - a scroll of amnesia {unknown}
 s - a scroll of teleportation {unknown}
 v - a scroll of identify
Potions
 f - a potion of cancellation {unknown}
 h - 2 potions of flight
 j - a potion of berserk rage
 q - 2 potions of heal wounds {unknown}
 t - a potion of mutation {unknown}
 u - a potion of ambrosia {unknown}


   Skills:
 + Level 4.8 Fighting
 + Level 6.1 Axes
 + Level 3.5 Throwing
 + Level 3.2 Armour
 + Level 3.7 Dodging


You had 6 spell levels left.
You didn't know any spells.
Your spell library contained the following spells:

 Spells                   Type           Power      Damage    Failure   Level
 Ensorcelled Hibernation  Hex/Ice        0%         N/A       100%        2
 Spider Form              Tmut/Pois      0%         N/A       100%        3
 Anguish                  Hex/Necr       0%         N/A       100%        4


Dungeon Overview and Level Annotations

Branches:
Dungeon (5/15)             Temple (1/1) D:4

Altars:
Ashenzari
Fedhas
Kikubaaqudgha
Makhleb
Nemelex Xobeh
Ru
Sif Muna
Trog
Uskayaw
Vehumet
Xom
Zin

Shops:
D:2 =   D:3 (


Message History

There is an open door here.
There is an open door here.
There are monsters nearby!
The gnoll hits you but does no damage.
You see here an iguana skeleton.
There is an open door, spattered with blood here.
There is an open door here.
You start resting.
A gnoll is nearby!
The gnoll hits you but does no damage.
You hit the gnoll.
The gnoll is lightly wounded.
The gnoll barely misses you. The gnoll sergeant barely misses you.
You closely miss the gnoll.
The gnoll is lightly wounded.
The gnoll hits you but does no damage.
The gnoll sergeant hits you from afar with a +0 spear of flaming.
The gnoll sergeant burns you.
The gnoll sergeant hits you but does no damage.
The gnoll hits you with a +0 spear.
You barely miss the gnoll.
The gnoll is lightly wounded.
The gnoll hits you but does no damage.
The gnoll sergeant hits you from afar with a +0 spear of flaming!
The gnoll sergeant burns you.
You slash the gnoll!
You kill the gnoll!
The gnoll sergeant hits you but does no damage.
You barely miss the gnoll. The gnoll hits you with a +0 club.
The gnoll sergeant hits you from afar with a +0 spear of flaming!
* * * LOW HITPOINT WARNING * * *
The gnoll sergeant burns you.
* * * LOW HITPOINT WARNING * * *
There is a stone staircase leading up here.
The gnoll hits you with a +0 club.
* * * LOW HITPOINT WARNING * * *
The gnoll sergeant hits you from afar with a +0 spear of flaming!
* * * LOW HITPOINT WARNING * * *
The gnoll sergeant burns you.
You die...

#...g# #...## #...g#
#...+ #....# #$..#
#....#########
####.ggg...#.#
#######.#.# #######
#...#.### ......#
#..g#.#.# ......#
#..g#@#.# ......#
#..g#g..#
......########รท#g#.#
......##.....#'#)#+#
......##.##........###
..........+..........#
########.##..........#
#..+..........#
####...[......#


You could see a gnoll sergeant and a gnoll.

Vanquished Creatures
  An ogre (D:4)
  Blork the orc (D:5)
  A necrophage (D:4)
  A bullfrog skeleton (D:4)
  An iguana (D:5)
  2 orc wizards
  The ghost of jt the Sneak, a weakling GrDe (D:4)
  7 gnolls
  A howler monkey zombie (D:4)
  8 adders
  A shadow imp (D:5)
  3 worms
  3 dart slugs
  6 orcs
  11 endoplasms
  3 giant cockroaches (D:3)
  5 goblins
  7 hobgoblins
  2 jackals (D:1)
  7 kobolds
  5 quokkas
  3 ball pythons
  5 bats
  4 frilled lizards
  9 rats
98 creatures vanquished.

Notes
Turn   | Place    | Note
-------+----------+-------------------------------------------
     0 | D:1      | jmlagarto the Hill Orc Gladiator began the quest for the
                  | Orb.
     0 | D:1      | Reached XP level 1. HP: 18/18 MP: 1/1
   179 | D:1      | Reached XP level 2. HP: 25/25 MP: 2/2
   672 | D:1      | Found a faded altar of an unknown god.
   789 | D:1      | Prayed at the altar of an unknown god.
   789 | D:1      | Became a worshipper of Ru the Awakened
   862 | D:2      | Reached XP level 3. HP: 30/30 MP: 3/3
   955 | D:2      | Fell from the grace of Ru
  1170 | D:2      | Reached skill level 1 in Armour
  1170 | D:2      | Reached XP level 4. HP: 34/38 MP: 4/4
  2009 | D:2      | Found Ymoiq's Jewellery Emporium.
  2398 | D:3      | Found a hide-covered altar of Uskayaw.
  2559 | D:3      | Reached XP level 5. HP: 33/45 MP: 5/5
  2565 | D:3      | Reached skill level 5 in Axes
  2713 | D:3      | Found Houn's Antique Weapon Emporium.
  3495 | D:4      | Found a staircase to the Ecumenical Temple.
  3530 | Temple   | Entered the Ecumenical Temple
  3620 | D:4      | Found a transporter.
  3669 | D:4      | Noticed an ogre
  3677 | D:4      | Killed an ogre
  3678 | D:4      | Reached XP level 6. HP: 9/52 MP: 6/6
  4117 | D:4      | Found a transporter.
  4120 | D:4      | Noticed jt's ghost (weakling GrDe)
  4149 | D:4      | Killed jt's ghost
  4379 | D:4      | Reached XP level 7. HP: 56/60 MP: 7/7
  4610 | D:5      | Entered Level 5 of the Dungeon
  4844 | D:5      | Noticed Blork the orc
  4854 | D:5      | Killed Blork the orc
  4855 | D:5      | Reached skill level 6 in Axes
  5009 | D:5      | HP: 1/60 [gnoll sergeant/+0 spear of flaming (10)]
  5009 | D:5      | Slain by a gnoll sergeant

Illustrated notes

Levels and vault maps discovered:
D:1:      minmay_arrival_stone_box, layout_loops_ring,
          shapermc_ecumenical_altar_hornbeckon, serial_park_tiny_2
D:2:      layout_basic, serial_shops, nicolae_shop_competitors_out_of_business
D:3:      minmay_diamond_boxcup, layout_rooms, lemuel_crystal_altar,
          serial_shops, shop
D:4:      layout_loops_ring, minmay_temple_entry_drinking_statues,
          gammafunk_ghost_mausoleum, minmay_misc_feat_cross
D:5:      layout_basic, nicolae_wu_jian_immortal_techniques,
          minmay_overflow_temple_star_hex, minmay_misc_feat_rows, uniq_duvessa,
          uniq_blork_the_orc, uniq_sigmund
Temple:   eino_temple_lava

Skill      XL: |  1  2  3  4  5  6  7 |
---------------+----------------------+-----
Throwing       | 2 3 |  3.5
Fighting       | 3 4 |  4.8
Armour         | 1 2 3 |  3.2
Dodging        | 3 |  3.7
Axes           | 5 6 |  6.1

Action                   |  1- 3 |  4- 6 |  7- 9 || total
-------------------------+-------+-------+-------++-------
Melee: War axe           |    52 |   127 |    48 ||   227
       Punch             |       |       |     2 ||     2
Throw: Throwing net      |     4 |       |       ||     4
       Javelin           |    11 |     4 |       ||    15
       Stone             |       |    85 |     6 ||    91
       Dart              |       |    46 |     1 ||    47
Invok: Reject Sacrifices |     1 |       |       ||     1
       Renounce Religion |     1 |       |       ||     1
  Use: Scroll            |       |     4 |     1 ||     5
       Potion            |       |     1 |       ||     1
Armor: Leather armour    |    18 |       |       ||    18
       Plate armour      |    13 |   109 |    36 ||   158
Dodge: Dodged            |    35 |    43 |    15 ||    93

Table legend: (Time is in decaauts)
 A = Elapsed time spent in this place.
 B = Non-inter-level travel time spent in this place.
 C = Inter-level travel time spent in this place.
 D = Time resting spent in this place.
 E = Time spent auto-exploring this place.
 F = Levels seen in this place.
 G = Mean time per level.
                   A        B        C        D        E       F      G
               +--------+--------+--------+--------+--------+-----+--------+
         Total |   5084 |   4826 |    258 |    221 |   3819 |   6 |  847.3 |
       Dungeon |   5010 |   4758 |    252 |    221 |   3755 |   5 | 1002.0 |
        Temple |     73 |     67 |      6 |      0 |     64 |   1 |   73.0 |
               +--------+--------+--------+--------+--------+-----+--------+

Top non-repeatable levels by time:
     D:2: 1572 daAuts
     D:4: 1203 daAuts
     D:3: 963 daAuts
     D:1: 865 daAuts
     D:5: 406 daAuts
  Temple: 73 daAuts
